 Dungeon Crawl Stone Soup version 0.29.1-15-g9cfb28693d (webtiles) character file.

Game seed: 6659411765757303633

11 Exodus22XD the Caller (level 2, -1/11 HPs)
             Began as a Felid Summoner on Apr 15, 2023.
             Killed from afar by a dart slug (4 damage)
             ... with a slug dart
             ... on level 1 of the Dungeon.
             The game lasted 00:01:12 (156 turns).

Exodus22XD the Caller (Felid Summoner)               Turns: 156, Time: 00:01:13

Health: -1/11      AC:  1    Str:  4    XL:     2   Next: 13%
Magic:  4/6        EV: 17    Int: 16    God:
Gold:   36         SH:  0    Dex: 16    Spells: 4/5 levels left
                                        Lives:  0   Deaths: 0

rFire   . . .      SeeInvis +   (weapon unavailable)
rCold   . . .      Faith    .   (shield unavailable)
rNeg    . . .      Spirit   .   (body armour unavailable)
rPois   .          Reflect  .   (helmet unavailable)
rElec   .          Harm     .   (cloak unavailable)
rCorr   .          Rampage  .   (gloves unavailable)
Will    .....                   (boots unavailable)
Stlth   ++........              (no amulet)
HPRegen 0.03/turn               (no ring)
MPRegen 0.10/turn               (no ring)

@: quick
A: very small, claws 1, fangs 3, see invisible, speed 1, shaggy fur 1, stealthy
paws, no weapons or thrown items, no armour, multi-lived
a: no special abilities


You were on level 1 of the Dungeon.
You visited 1 branch of the dungeon, and saw 1 of its levels.

You collected 36 gold pieces.

Inventory:

Scrolls
 b - a scroll of noise {unknown}
Potions
 a - a potion of magic


   Skills:
 - Level 2.6 Dodging
 - Level 2.6 Stealth
 + Level 2.1 Spellcasting
 + Level 4.4 Summonings


You had 4 spell levels left.
You knew the following spells:

 Your Spells              Type           Power      Damage    Failure   Level
a - Summon Small Mammal   Summ           60%        N/A       3%          1

Your spell library contained the following spells:

 Spells                   Type           Power      Damage    Failure   Level
 Call Imp                 Summ           15%        N/A       4%          2
 Call Canine Familiar     Summ           15%        N/A       10%         3
 Summon Guardian Golem    Hex/Summ       8%         N/A       24%         3
 Summon Lightning Spire   Summ/Air       8%         N/A       63%         4


Dungeon Overview and Level Annotations

Branches:
Dungeon (1/15)

Altars:


Innate Abilities, Weirdness & Mutations

You have sharp claws.
You have razor-sharp teeth.
You have supernaturally acute eyesight. (SInv)
You cover ground quickly. (Speed+)
You are covered in fur. (AC +1)
Your paws help you pounce on unaware monsters.
You are incapable of wielding weapons or throwing items.
You cannot wear armour.
You gain extra lives every three experience levels.


Message History

Aim: a ball python (heavily wounded, not watching you, ally target) Attack!
Your quokka barely misses the ball python.
The ball python misses your quokka. The ball python grabs your quokka.
The ball python constricts your quokka.
The ball python bites your quokka but does no damage.
The ball python constricts your quokka.
Your quokka bites the ball python.
The ball python dies!
You now have 33 gold pieces (gained 15).
Your quokka disappears in a puff of smoke!
You now have 36 gold pieces (gained 3).
Things that are here:
a +0 club; a goblin corpse A dart slug comes into view.
Casting: Summon Small Mammal (safe; 3% risk of failure)
Confirm with . or Enter, or press ? or * to list all spells.
Casting: Summon Small Mammal (safe; 3% risk of failure)
Confirm with . or Enter, or press ? or * to list all spells.
What are your orders? t - Meow!
Orders for allies: a - Attack new target. r - Retreat! s - Stop attacking. g - Guard the area. f - Follow me.
Anything else - Cancel.
Gang up on whom?
Press: ? - help, Dir - move target, f - dart slug
Aim: a dart slug (ally target) Attack!
Your rat bites the dart slug. x2
The dart slug closely misses your rat.
Your rat bites the dart slug.
Your rat bites the dart slug but does no damage.
The dart slug launches a dart at you. The slug dart misses your rat.
The slug dart hits you.
* * * LOW HITPOINT WARNING * * *
Your rat bites the dart slug but does no damage.
Your rat bites the dart slug.
Your rat bites the dart slug. x2
The dart slug launches a dart at you. The slug dart misses your rat.
The slug dart hits you.
You die...

....+ ...........
#...# #........#
....# #........+
...## #........#
.#.## #........#
.#..###........#
..#....).......###+##
.#####..†...........#
..####.†........@...#
.....#.########.....#
.....#)# #..^..#
...⌠.#.# #.rr..#
.....#[# #..w....
.....#.# ####.....
##..##S# .....#
#...#r.# .....#
#...#.##


You could see a dart slug (ally target) and 2 friendly rats.

Vanquished Creatures (collateral kills)
  2 ball pythons (D:1)
  An endoplasm (D:1)
  A goblin (D:1)
  A hobgoblin (D:1)
  A kobold (D:1)
  A quokka (D:1)
  A bat (D:1)
  A rat (D:1)
9 creatures vanquished.

Notes
Turn   | Place    | Note
-------+----------+-------------------------------------------
     0 | D:1      | Exodus22XD the Felid Summoner began the quest for the Orb.
     0 | D:1      | Reached XP level 1. HP: 7/7 MP: 4/4
   103 | D:1      | Reached XP level 2. HP: 6/11 MP: 3/6
   156 | D:1      | Killed from afar by a dart slug

Illustrated notes

Levels and vault maps discovered:
D:1:      dpeg_arrival_arbitrary_c, layout_basic,
          shapermc_ecumenical_altar_pompeii

Action                   || total
-------------------------++-------
 Cast: Summon Small Mamm ||    11
Dodge: Dodged            ||    11
